 Dungeon Crawl Stone Soup version 0.14-a0-1761-gdbd231b (webtiles) character file.

127 HollowCharge the Slasher (level 3, -5/30 HPs)
             Began as a Demigod Warper on Jan 4, 2014.
             Succumbed to Ijyb's poison
             ... on Level 2 of the Dungeon.
             The game lasted 00:06:20 (1785 turns).

HollowCharge the Slasher (Demigod Warper)           Turns: 1785, Time: 00:06:21

HP  -5/30        AC  4     Str 15      XL: 3   Next: 44%
MP   7/7         EV 11     Int 17      God:
Gold 73          SH  0     Dex 16      Spells:  2 memorised,  2 levels left

rFire  . . .     SeeInvis .     a - +0 falchion
rCold  . . .     Clarity  .     b - +0 leather armour
rNeg   . . .     Conserve .     (no shield)
rPois  .         rCorr    .     m - +0 helmet
rElec  .         rRot     .     (no cloak)
SustAb . .       Spirit   .     (no gloves)
rMut   .         Warding  .     (no boots)
Saprov . . .     Stasis   .     (no amulet)
                                (no ring)
                                (no ring)

@: extremely poisoned, slightly resistant to hostile enchantments, unstealthy
A: no striking features
a: no special abilities


You were on level 2 of the Dungeon.
You were not hungry.

You visited 1 branch of the dungeon, and saw 2 of its levels.

You collected 73 gold pieces.

Inventory:

Hand weapons
 a - a +0,+0 falchion (weapon)
Missiles
 e - 15 darts (quivered)
 f - 10 darts of dispersal
Armour
 b - a +0 leather armour (worn)
 m - a +0 helmet (worn)
Comestibles
 g - 2 bread rations
 j - a choko
Scrolls
 d - a scroll of blinking
 h - a scroll of enchant weapon II {unknown}
 k - a scroll of fear {unknown}
 o - a scroll of recharging {unknown}
 p - a scroll of immolation {unknown}
 r - a scroll of random uselessness {unknown}
Potions
 l - 2 potions of heal wounds {unknown}
 q - a potion of cure mutation {unknown}
Books
 c - a book of Spatial Translocations

   Spells                             Type                      Level
   *Apportation                       Translocation                1
   Portal Projectile                  Translocation                2
   *Blink                             Translocation                2
   Shroud of Golubria                 Charms/Translocation         2
   Teleport Other                     Translocation                3
   Passage of Golubria                Translocation                4


   Skills:
 + Level 2.6 Fighting
 + Level 3.0 Long Blades
 - Level 0.8 Throwing
 - Level 0.8 Armour
 - Level 1.7 Dodging
 - Level 1.7 Spellcasting
 - Level 2.6 Translocations


You had 2 spell levels left.
You knew the following spells:

 Your Spells              Type           Power        Failure   Level  Hunger
a - Apportation           Tloc           ##........   10%         1    #......
b - Blink                 Tloc           N/A          12%         2    ###....


Dungeon Overview and Level Annotations

Branches:
Dungeon (2/16)

Annotations:
D:2 Ijyb


Message History

Ijyb is severely wounded.
You feel sick.
Ijyb screams, "Me very upset!"
Ijyb barely misses you.
You closely miss Ijyb.
Ijyb is severely wounded.
* * * LOW HITPOINT WARNING * * *
You feel very sick. Ijyb hits you with a dagger of venom.
* * * LOW HITPOINT WARNING * * *
You are more poisoned.
You hit Ijyb but do no damage.
Ijyb is severely wounded.
* * * LOW HITPOINT WARNING * * *
You feel sick. Ijyb hits you with a dagger of venom.
* * * LOW HITPOINT WARNING * * *
You are more poisoned.
You hit Ijyb.
Ijyb is almost dead.
You die...

#.# #.######.#.###..# #.#
#.# #......... #.# #.#
###.#.##.# #.# #.#
#....... #.# ##.#
#g#.#### #.# #..#
#.#.#### #.# #.##
#....... #.# #.#
##....... #.# #@#
##.......# #)#
#g#######......... #.##
#.##......%......# #..#
#.#...#####.....## ##.#
#.......##........ #.#
#.#...#.##........ #.#
#.......##..#####. #.#
#.##.##.##.)# .
#.###.#######.##.##.##..#
.


You could see Ijyb.

Vanquished Creatures
  2 adders (D:2)
  3 giant geckos
  A ball python (D:2)
  3 giant cockroaches (D:1)
  4 hobgoblins
  2 jackals (D:2)
  5 kobolds
  4 bats
  3 giant newts (D:1)
  3 goblins
  4 rats
34 creatures vanquished.

Notes
Turn   | Place    | Note
--------------------------------------------------------------
     0 | D:1      | HollowCharge, the Demigod Warper, began the quest for the Orb.
     0 | D:1      | Reached XP level 1. HP: 17/17 MP: 3/3
   552 | D:1      | Reached XP level 2. HP: 24/24 MP: 4/4
   700 | D:1      | Learned a level 2 spell: Blink
  1182 | D:2      | Found a basalt altar of Yredelemnul.
  1335 | D:2      | Reached XP level 3. HP: 27/30 MP: 7/7
  1341 | D:2      | Found a sparkling altar of Nemelex Xobeh.
  1680 | D:2      | Noticed Ijyb
  1690 | D:2      | Reached skill level 3 in Long Blades
  1785 | D:2      | Succumbed to Ijyb's poison

Action                   || total
-------------------------++-------
Melee: Falchion          ||   143
       Unarmed           ||     5
  Use: Potion            ||     1
